 Dungeon Crawl Stone Soup version 0.30-a0-354-g6b83867211 (webtiles) character file.

Game seed: 18006769779811898987

42 Low2 the Twirler (level 3, 0/37 HPs)
             Began as an Ogre Gladiator on Nov 8, 2022.
             Was an Initiate of Cheibriados.
             Succumbed to an adder's poison
             ... on level 2 of the Dungeon.
             The game lasted 00:03:12 (1024 turns).

Low2 the Twirler (Ogre Gladiator)                   Turns: 1024, Time: 00:03:13

Health: 0/37       AC:  3    Str: 21    XL:     3   Next: 56%
Magic:  3/3        EV: 10    Int: 10    God:    Cheibriados [......]
Gold:   27         SH:  0    Dex: 11    Spells: 2/2 levels left

rFire   . . .      SeeInvis .    a - +0 quarterstaff
rCold   . . .      Faith    .    (shield currently unavailable)
rNeg    . . .      Spirit   .    b - +0 robe
rPois   .          Reflect  .    c - +0 hat
rElec   .          Harm     .    (no cloak)
rCorr   .          Rampage  .    (gloves unavailable)
Will    .....                    (boots unavailable)
Stlth   +.........               (no amulet)
HPRegen 0.26/turn                (no ring)
MPRegen 0.08/turn                (no ring)

@: lethally poisoned (0 -> -8), very slow
A: large, unfitting armour, tough skin 1
a: Renounce Religion


You were on level 2 of the Dungeon.
You worshipped Cheibriados.
Cheibriados was noncommittal.
You visited 1 branch of the dungeon, and saw 2 of its levels.

You collected 27 gold pieces.

Inventory:

Hand Weapons
 a - a +0 quarterstaff (weapon)
 f - a +2 vampiric whip
Missiles
 d - 2 throwing nets
 e - 6 large rocks (quivered)
Armour
 b - a +0 robe (worn)
 c - a +0 hat (worn)
Scrolls
 h - 2 scrolls of fear
 j - a scroll of noise {unknown}
 k - a scroll of identify {unknown}
Potions
 g - 2 potions of invisibility {unknown}
 i - a potion of curing {unknown}


   Skills:
 + Level 3.2 Fighting
 + Level 3.7 Staves
 + Level 2.2 Throwing
 + Level 3.1 Dodging


You had 2 spell levels left.
You didn't know any spells.
Your spell library was empty.

Dungeon Overview and Level Annotations

Branches:
Dungeon (2/15)

Altars:
Cheibriados


Innate Abilities, Weirdness & Mutations

You are too large for most types of armour.
You have tough skin. (AC +1)


Message History

The frilled lizard hisses angrily.
The adder attacks as you move away! The adder misses you.
Found a stone staircase leading up.
You feel sick. The adder barely misses you.
The frilled lizard barely misses you.
You feel sick. The frilled lizard bites you. The adder barely misses you.
You feel sick. The frilled lizard bites you. The adder bites you.
You are more poisoned.
The adder poisons you!
You miss the frilled lizard.
You feel sick. The adder bites you but does no damage.
The frilled lizard closely misses you.
You sock the frilled lizard!
You kill the frilled lizard!
Cheibriados appreciates the change of pace.
You feel sick. The adder bites you.
You are more poisoned.
The adder poisons you!
You feel sick. The adder bites you.
You are more poisoned.
The adder poisons you! The adder closely misses you.
You barely miss the adder.
You feel sick. The adder closely misses you. The adder bites you.
You barely miss the adder.
You feel sick. The adder bites you.
* * * LOW HITPOINT WARNING * * *
You barely miss the adder.
You feel sick. The adder closely misses you. The adder bites you.
* * * LOW HITPOINT WARNING * * *
You are lethally poisoned!
The adder poisons you!
You closely miss the adder.
* * * LOW HITPOINT WARNING * * *
You feel very sick. The adder misses you.
You thump the adder!
The adder is almost dead.
* * * LOW HITPOINT WARNING * * *
You feel sick. The adder closely misses you. x2
You thump the adder!
You kill the adder!
Cheibriados appreciates the change of pace.
You die...

#.# #.#.#
#####.#####
#.# ###.#.#
#.##... #.#
#.....#
#.##... #.#
#######
#.##... #.#
#...... #.#
#########
#...... #.#
#.......#
#..._..
#.####......(#
##.....
#....'....@..#
#.....
######.......#
####..
#.......#
######
#.......#
......
#.......#
######
#######.# .#
####### <#
#......
##########
#.#####


There were no monsters in sight!

Vanquished Creatures
  2 adders (D:2)
  3 dart slugs
  4 endoplasms
  A giant cockroach (D:2)
  4 goblins
  A hobgoblin (D:2)
  2 quokkas
  3 ball pythons
  2 bats (D:1)
  2 frilled lizards (D:2)
  4 rats (D:1)
28 creatures vanquished.

Notes
Turn   | Place    | Note
-------+----------+-------------------------------------------
     0 | D:1      | Low2 the Ogre Gladiator began the quest for the Orb.
     0 | D:1      | Reached XP level 1. HP: 22/22 MP: 1/1
   119 | D:1      | Reached XP level 2. HP: 28/29 MP: 2/2
   649 | D:2      | Reached XP level 3. HP: 36/36 MP: 3/3
   764 | D:2      | Found a snail-covered altar of Cheibriados.
   949 | D:2      | Became a worshipper of Cheibriados the Contemplative
  1024 | D:2      | Succumbed to an adder's poison

Illustrated notes

Levels and vault maps discovered:
D:1:      amcnicky_arrival_blooded_trapdoor, layout_basic, serial_shops, shop,
          minmay_misc_feat_enclosed
D:2:      layout_basic, basic_altar,
          dreamdust_ecumenical_altar_hidden_monk_grotto

Skill      XL: |  1  2  3 |
---------------+----------+-----
Dodging        | 3 |  3.1
Fighting       | 3 |  3.2
Staves         | |  3.7
Throwing       | |  2.2

Action                   || total
-------------------------++-------
Melee: Quarterstaff      ||    67
Throw: Throwing net      ||     3
       Large rock        ||     2
  Use: Scroll            ||     1
Armor: Robe              ||    41
Dodge: Dodged            ||    60

Table legend: (Time is in decaauts)
 A = Elapsed time spent in this place.
 B = Non-inter-level travel time spent in this place.
 C = Inter-level travel time spent in this place.
 D = Time resting spent in this place.
 E = Time spent auto-exploring this place.
 F = Levels seen in this place.
 G = Mean time per level.
                   A        B        C        D        E       F      G
               +--------+--------+--------+--------+--------+-----+--------+
         Total |   1052 |   1052 |      0 |    135 |      0 |   2 |  526.0 |
       Dungeon |   1052 |   1052 |      0 |    135 |      0 |   2 |  526.0 |
               +--------+--------+--------+--------+--------+-----+--------+

Top non-repeatable levels by time:
     D:2: 604 daAuts
     D:1: 448 daAuts
